 Dungeon Crawl Stone Soup version 0.29.1-2-gbd0b4ee654 (webtiles) character file.

Game seed: 17960776936967624719

0 croobank the Caller (level 1, 0/13 HPs)
             Began as a Demonspawn Summoner on Nov 17, 2022.
             Slain by a quokka (3 damage)
             ... on level 1 of the Dungeon.
             The game lasted 00:00:56 (105 turns).

croobank the Caller (Demonspawn Summoner)            Turns: 105, Time: 00:00:56

Health: 0/13       AC:  2    Str:  8    XL:     1   Next: 8%
Magic:  1/3        EV: 12    Int: 16    God:
Gold:   0          SH:  0    Dex: 13    Spells: 3/4 levels left

rFire   . . .      SeeInvis .   (no weapon)
rCold   . . .      Faith    .   (no shield)
rNeg    . . .      Spirit   .   a - +0 robe
rPois   .          Reflect  .   (no helmet)
rElec   .          Harm     .   (no cloak)
rCorr   .          Rampage  .   (no gloves)
Will    .....                   (no boots)
Stlth   ++........              (no amulet)
HPRegen 0.04/turn               (no ring)
MPRegen 0.08/turn               (no ring)

@: no status effects
A: no striking features
a: no special abilities


You were on level 1 of the Dungeon.
You visited 1 branch of the dungeon, and saw 1 of its levels.

Inventory:

Armour
 a - a +0 robe (worn)
Potions
 b - a potion of magic
 c - 2 potions of brilliance {unknown}


   Skills:
 + Level 1.7 Dodging
 + Level 1.7 Stealth
 + Level 2.0 Spellcasting
 + Level 4.0 Summonings


You had 3 spell levels left.
You knew the following spells:

 Your Spells              Type           Power      Damage    Failure   Level
a - Summon Small Mammal   Summ           56%        N/A       4%          1

Your spell library contained the following spells:

 Spells                   Type           Power      Damage    Failure   Level
 Call Imp                 Summ           14%        N/A       6%          2
 Call Canine Familiar     Summ           14%        N/A       12%         3
 Summon Guardian Golem    Hex/Summ       8%         N/A       26%         3
 Summon Lightning Spire   Summ/Air       8%         N/A       65%         4


Dungeon Overview and Level Annotations

Branches:
Dungeon (1/15)

Altars:


Message History

Casting: Summon Small Mammal (safe; 4% risk of failure)
Confirm with . or Enter, or press ? or * to list all spells.
The rat barely misses you.
You swap places.
Your rat bites the rat.
The rat dies!
Your rat bites the quokka.
The quokka barely misses your rat.
Your rat bites the quokka.
The quokka bites your rat.
Your rat dies!
Your rat's corpse disappears in a puff of smoke!
Casting: Summon Small Mammal (safe; 4% risk of failure)
Confirm with . or Enter, or press ? or * to list all spells.
The quokka misses you. The quokka bites you.
The quokka attacks as you move away! The quokka bites you.
Your bat barely misses the quokka.
The quokka closely misses your bat.
Your bat closely misses the quokka.
The quokka closely misses your bat.
Your bat hits the quokka but does no damage.
The quokka bites your bat but does no damage.
Your bat hits the quokka but does no damage.
Your bat barely misses the quokka.
The quokka bites you but does no damage.
Your bat hits the quokka but does no damage.
Your bat hits the quokka but does no damage.
The quokka bites you but does no damage.
You closely miss the quokka.
The quokka is moderately wounded.
Your bat completely misses the quokka.
Your bat hits the quokka but does no damage.
The quokka bites you.
* * * LOW HITPOINT WARNING * * *
Your bat hits the quokka but does no damage.
The quokka bites your bat.
Your bat dies!
Your bat's corpse disappears in a puff of smoke!
Casting: Summon Small Mammal (safe; 4% risk of failure)
Confirm with . or Enter, or press ? or * to list all spells.
The quokka twitches its whiskers.
The quokka bites you.
You die...

#................
###.#.###.#########
#...### #...#.....#
#.### ###.#.###.###
######### #...# #...#
#...# ........# ###.###
#.#.###.#.# ........##
#.....# #.#.....#..
........$
#.###r#########.#####
........#
...#.@.#...#.....#
........#
#####r###.#.#.#.###
........#
#...#<..#...#...
........#
#.#.#####.#####.#
........### #.#.......#
...
#.......r.###.#########
### ..#.#####.....# .
#. ####### #


You could see a quokka (ally target) and a friendly quokka (summoned).

Vanquished Creatures (collateral kills)
  A rat (D:1)
1 creature vanquished.

Notes
Turn   | Place    | Note
-------+----------+-------------------------------------------
     0 | D:1      | croobank the Demonspawn Summoner began the quest for the
                  | Orb.
     0 | D:1      | Reached XP level 1. HP: 13/13 MP: 3/3
   105 | D:1      | Slain by a quokka

Illustrated notes

Levels and vault maps discovered:
D:1:      elethiomel_arrival_maze, layout_basic

Action                   || total
-------------------------++-------
Melee: Unarmed           ||     5
 Cast: Summon Small Mamm ||     4
 Stab: Sleeping          ||     1
Armor: Robe              ||     3
Dodge: Dodged            ||     6
